AoeStats
← Por mi novia

Arena

505381737Analyzed
2v2 RM · 22d ago on Sep 9, 2026· 58m 50s· 4 players
Game mode
Random Map
Map size
Medium (4 player)
Population
200
Speed
Normal
Resources
Standard
Victory
Conquest
Starting age
Dark Age
Ending age
Imperial Age
RankedLock teamsTeams togetherTeam positionsShared explorationLock speedFull tech treeHidden civsTurbo modeCheats
Victory
Defeat
🇨🇴 Burgundians · Colombia
1248
+13
🇨🇴 Maya · Colombia
1213
+14
🇺🇸 Lithuanians · United States
1223
-16
🇺🇸 Aztecs · United States
1121
-11
buh
11:35 Feudal Age
12:40 Double-Bit Axe
16:12 Castle Age
15:52 Scale Mail Armor
15:42 Horse Collar
16:21 Gold Mining
17:48 Forging
18:47 Gold Shaft Mining
22:57 Fervor
23:14 Sanctity
22:57 Eagle Warrior
25:47 Chain Mail Armor
26:29 Bow Saw
27:22 Heavy Plow
27:12 Loom
28:24 Iron Casting
29:12 Wheelbarrow
30:45 Hand Cart
34:30 Imperial Age
35:59 Conscription
35:09 Elite Eagle Warrior
36:37 Plate Mail Armor
37:07 Blast Furnace
36:27 Onager
37:24 Pikeman
38:52 Caravan
41:12 Garland Wars
40:13 Elite Jaguar Warrior
46:44 Siege Engineers
47:16 Siege Onager
josephharlan
11:03 Feudal Age
14:36 Castle Age
14:03 Horse Collar
14:11 Double-Bit Axe
15:33 Husbandry
20:37 Wheelbarrow
20:14 Bow Saw
20:11 Heavy Plow
21:26 Bloodlines
22:40 Scale Mail Armor
22:54 Forging
22:53 Scale Barding Armor
24:55 Forging
25:51 Chain Barding Armor
26:25 Hand Cart
25:55 Loom
25:56 Town Watch
28:01 Iron Casting
32:30 Imperial Age
32:01 Gold Mining
32:01 Stone Mining
33:20 Cavalier
34:38 Plate Barding Armor
35:19 Paladin
35:51 Capped Ram
39:54 Two-Man Saw
39:31 Stone Shaft Mining
39:17 Onager
43:55 Thumb Ring
43:10 Elite Skirmisher
49:14 Fletching
49:25 Padded Archer Armor
49:25 Scale Mail Armor
49:19 Pikeman
49:59 Squires
50:48 Halberdier
52:00 Chain Mail Armor
51:40 Bodkin Arrow
52:01 Leather Archer Armor
52:03 Tower Shields
52:26 Conscription
manufrostmure
10:32 Feudal Age
15:08 Castle Age
13:55 Double-Bit Axe
15:00 Stone Mining
16:45 Bow Saw
19:38 Loom
20:45 Wheelbarrow
20:51 Horse Collar
24:05 Two-Man Saw
23:12 Heavy Plow
23:27 Gold Mining
24:55 Hand Cart
26:41 Crop Rotation
29:28 Imperial Age
27:53 Scale Barding Armor
27:59 Forging
28:42 Husbandry
28:03 Cavalier
29:41 Gold Shaft Mining
29:46 Stone Shaft Mining
30:15 Chain Barding Armor
30:31 Iron Casting
30:42 Conscription
32:07 Plate Barding Armor
31:37 Paladin
33:54 Blast Furnace
34:39 Town Watch
36:32 Devotion
36:05 Light Cavalry
36:59 Hussar
38:59 Town Patrol
39:42 Burgundian Vineyards
54:24 Chemistry
Por mi novia
0:26 Loom
11:25 Feudal Age
17:29 Castle Age
16:20 Double-Bit Axe
16:32 Horse Collar
18:11 Crossbowman
19:17 Bow Saw
19:09 Heavy Plow
20:43 Thumb Ring
25:19 Wheelbarrow
26:23 Gold Mining
26:26 Stone Mining
28:31 Fletching
29:07 Hand Cart
28:39 Town Watch
29:52 Bodkin Arrow
33:41 Imperial Age
32:11 Padded Archer Armor
32:41 Ballistics
32:37 Fortified Wall
32:09 Treadmill Crane
32:27 Murder Holes
34:53 Leather Archer Armor
34:38 Bracer
35:52 Chemistry
35:03 Arbalester
36:44 Town Patrol
40:07 Ring Archer Armor
39:48 Forging
39:39 Scale Mail Armor
39:28 Pikeman
40:09 Squires
39:54 Arson
42:53 Iron Casting
42:34 Chain Mail Armor
42:53 Halberdier
46:20 Blast Furnace
45:51 Plate Mail Armor
Connection lost

Rejoining the realm…

Still unreachable

The connection could not be restored.

Session expired

The server has moved on; the page needs a fresh start.